 Dungeon Crawl Stone Soup version 0.20.1-1-g8b1a95d (webtiles) character file.

132 Monsterracer the Cudgeler (level 4, -3/38 HPs)
             Began as a Draconian Monk on July 9, 2017.
             Was a Believer of Kikubaaqudgha.
             Killed from afar by an orc wizard (5 damage)
             ... with a magic dart
             ... on level 3 of the Dungeon.
             The game lasted 00:07:14 (2597 turns).

Monsterracer the Cudgeler (Draconian Monk)          Turns: 2597, Time: 00:07:15

Health: -3/38      AC:  5    Str: 13    XL:     4   Next: 92%
Magic:  4/4        EV: 13    Int: 13    God:    Kikubaaqudgha [**....]
Gold:   110        SH:  0    Dex: 14    Spells: 0/3 levels left

rFire    . . .     SeeInvis .   a - +1 mace
rCold    . . .     Gourm    .   (no shield)
rNeg     . . .     Faith    .   (armour unavailable)
rPois    .         Spirit   .   (helmet restricted)
rElec    .         Reflect  .   (no cloak)
rCorr    .         Harm     .   (no gloves)
MR       .....                  (no boots)
Stlth    ++........             (no amulet)
Regen    0.2/turn               k - +2 ring of intelligence
MPRegen  0.1/turn               (no ring)

@: drained
A: unfitting armour, cold-blooded, AC +5
a: Receive Corpses, Renounce Religion


You were on level 3 of the Dungeon.
You worshipped Kikubaaqudgha.
Kikubaaqudgha was pleased with you.
You were not hungry.

You visited 1 branch of the dungeon, and saw 3 of its levels.

You collected 110 gold pieces.

Inventory:

Hand Weapons
 a - a +1 mace (weapon)
Jewellery
 i - an uncursed ring of fire
 k - a +2 ring of intelligence (left hand)
Scrolls
 d - a scroll of enchant weapon
Potions
 f - a potion of flight
Books
 n - Kikubaaqudgha's Volume of Dark Arts
   (Kikubaaqudgha gifted it to you on level 2 of the Dungeon)

   Spells                             Type                      Level
   a - Animate Skeleton               Necromancy                   1
   b - Corpse Rot                     Necromancy                   2
   c - Sublimation of Blood           Necromancy                   2
   d - Vampiric Draining              Necromancy                   3
   e - Control Undead                 Necromancy                   4
Comestibles
 b - 2 bread rations
 c - a royal jelly
 h - a meat ration
 j - 5 chunks of flesh
 p - 2 fruits


   Skills:
 + Level 3.4(3.0) Fighting
 * Level 5.4(4.9) Maces & Flails
 + Level 2.8(2.3) Dodging
 - Level 1.7(1.3) Stealth
 + Level 0.8(0.3) Necromancy


You couldn't memorise any spells.
You knew the following spells:

 Your Spells              Type           Power        Failure   Level  Hunger
a - Vampiric Draining     Necr           #.........   63%         3    ####...


Dungeon Overview and Level Annotations

Branches:
Dungeon (3/15)

Altars:
Dithmenos
Kikubaaqudgha


Innate Abilities, Weirdness & Mutations

Your plain brown scales are hard. (AC +5)
You cannot fit into any form of body armour.
You are cold-blooded and may be slowed by cold attacks.


Message History

You hear some strange, mumbled words.
A puff of flame appears from out of thin air!
The puff of flame hits you!
* * * LOW HITPOINT WARNING * * *
Huge Dmg: -3%(-1hp) hp: 3%(1hp)
Something completely misses you.
Things that are here:
a whip; a ring mail You hit something.
Your tail-slap misses something.
The hobgoblin hits you but does no damage.
Something hits you but does no damage.
You miss something. The hobgoblin closely misses you.
Something hits you but does no damage.
You miss something. You tail-slap something.
The hobgoblin hits you but does no damage.
You hear some strange, mumbled words.
A magic dart appears from out of thin air!
The magic dart hits you!
You die...
Kikubaaqudgha rasps: "You have failed me!
Welcome... death!"

....#. .## .<..> ..
...... ######.## ......
....... ...... ..... ###
#...##....
.#.###.......[.
......g........
.#.####@#######
#....{.#### .######....#
........##.#############
........................
...........###########..
.######....# #.. #....#
#.. #....# #..


You could see a hobgoblin.

Vanquished Creatures
  Robin (D:2)
  2 adders (D:2)
  A shadow imp (D:3)
  An ooze (D:2)
  A worm (D:3)
  3 dart slugs (D:1)
  5 leopard geckos
  2 orcs (D:3)
  3 giant cockroaches
  18 goblins
  14 hobgoblins
  2 jackals (D:1)
  A quokka (D:2)
  4 bats
  3 frilled lizards (D:1)
  6 kobolds
  5 rats
72 creatures vanquished.

Notes
Turn   | Place    | Note
-------+----------+-------------------------------------------
     0 | D:1      | Monsterracer the Draconian Monk began the quest for the Orb.
     0 | D:1      | Reached XP level 1. HP: 19/19 MP: 1/1
   392 | D:1      | Reached XP level 2. HP: 20/26 MP: 2/2
   909 | D:1      | Reached skill level 4 in Maces & Flails
   938 | D:1      | Reached XP level 3. HP: 27/31 MP: 3/3
  1293 | D:2      | Reached XP level 4. HP: 32/38 MP: 4/4
  1300 | D:2      | Found an ancient bone altar of Kikubaaqudgha.
  1318 | D:2      | Became a worshipper of Kikubaaqudgha
  1318 | D:2      | Reached * piety under Kikubaaqudgha
  1318 | D:2      | Identified Kikubaaqudgha's Volume of Dark Arts (Kikubaaqudgha gifted it to you on level 2 of the Dungeon)
  1318 | D:2      | Received a gift from Kikubaaqudgha
  1318 | D:2      | Reached ** piety under Kikubaaqudgha
  1351 | D:2      | Reached skill level 5 in Maces & Flails
  1469 | D:2      | Found a shadowy altar of Dithmenos.
  1477 | D:2      | Noticed Robin
  1726 | D:1      | Learned a level 3 spell: Vampiric Draining
  1864 | D:2      | Killed Robin
  2593 | D:3      | HP: 1/38 [something/puff of flame (9)]
  2597 | D:3      | Killed from afar by an orc wizard

Skill      XL: |  1  2  3  4 |
---------------+-------------+-----
Maces & Flails | 4 5 |  5.4
Fighting       | |  3.4
Dodging        | |  2.8
Stealth        | |  1.7
Necromancy     | |  0.8

Action                   |  1- 3 |  4- 6 || total
-------------------------+-------+-------++-------
Melee: Mace              |   143 |   150 ||   293
       Tailslap          |    16 |    22 ||    38
  Use: Scroll            |       |     7 ||     7
       Potion            |       |     4 ||     4
 Stab: Sleeping          |       |     2 ||     2
  Eat: Chunk             |     1 |     5 ||     6
Armor: Skin              |    43 |    64 ||   107
Dodge: Dodged            |   103 |   115 ||   218
